 Dungeon Crawl Stone Soup version 0.25.1-2-g60ff931df9 (webtiles) character file.

Game seed: 17354413758846420681

404 Auguste the Covered (level 6, -12/84 HPs)
             Began as a Minotaur Fighter on Nov 15, 2020.
             Was an Initiate of Trog.
             Killed from afar by a jackal (27 damage)
             ... with an exploding inner flame
             ... hexed by the player character
             ... on level 6 of the Dungeon.
             The game lasted 00:26:56 (3493 turns).

Auguste the Covered (Minotaur Fighter)              Turns: 3493, Time: 00:26:57

Health: -12/84     AC: 23    Str: 23    XL:     6   Next: 56%
Magic:  5/5        EV:  2    Int:  5    God:    Trog [......]
Gold:   260        SH: 14    Dex:  9    Spells: 5/5 levels left

rFire    . . .     SeeInvis .   a - +3 trident
rCold    + . .     Gourm    .   c - +4 kite shield
rNeg     + + +     Faith    .   (armour currently unavailable)
rPois    +         Spirit   .   (helmet currently unavailable)
rElec    .         Reflect  .   (cloak currently unavailable)
rCorr    .         Harm     .   (gloves currently unavailable)
MR       .....     NoTele   +   (boots currently unavailable)
Stlth    +.........             (no amulet)
HPRegen  0.24/turn              s - ring of protection from cold
MPRegen  0.09/turn              (no ring)

@: tree-form, stab
A: (retaliatory headbutt)
a: Renounce Religion


You were on level 6 of the Dungeon.
You worshipped Trog.
Trog was noncommittal.
You were not hungry.
You were a tree.
You visited 1 branch of the dungeon, and saw 5 of its levels.

You collected 260 gold pieces.

Inventory:

Hand Weapons
 a - a +3 trident (weapon)
 h - a +0 whip
 l - a +0 dagger
 m - a +2 dagger of speed
 t - a +0 hunting sling
 w - a +0 short sword
 A - a +0 dire flail
 D - a +2 dagger of speed
 F - a +0 war axe
 H - a +0 hand axe
 J - a +0 mace
 O - a cursed -2 halberd
 S - a +0 club
Missiles
 f - 2 large rocks
 i - 254 stones (quivered)
 j - 50 sling bullets
 y - 16 bolts
 z - 59 arrows
Armour
 b - a +0 scale mail (melded)
 c - a +4 kite shield (worn)
 e - a cursed +0 leather armour
 C - a +0 animal skin
 G - a +0 leather armour
 I - a +0 ring mail
 K - a cursed +0 ring mail
 L - a +0 robe
 N - a +0 animal skin
 Q - a +0 animal skin
 R - a +0 animal skin
 T - a +0 animal skin
 U - a +0 animal skin
Jewellery
 s - a ring of protection from cold (left branch)
Wands
 x - a wand of paralysis (9)
Scrolls
 g - a scroll of teleportation
 n - 2 scrolls of remove curse
 r - 2 scrolls of identify
 u - a scroll of amnesia
Potions
 d - 2 potions of brilliance
Comestibles
 E - 3 rations


   Skills:
 + Level 5.0 Fighting
 + Level 4.5 Polearms
 + Level 0.3 Throwing
 + Level 5.7 Armour
 + Level 1.3 Dodging
 + Level 5.2 Shields


You had 5 spell levels left.
You didn't know any spells.
Your spell library was empty.

Dungeon Overview and Level Annotations

Branches:
Dungeon (4/15)
 Temple: D:4-7

Altars:
Trog
Uskayaw
Wu Jian


Innate Abilities, Weirdness & Mutations

((You reflexively headbutt those who attack you in melee.))
((You have a pair of horns on your head.))


Message History

You cannot move.
You are too injured to fight recklessly!
You are too injured to fight recklessly!
You cannot move.
You cannot move.
You cannot move.
You cannot move.
You cannot move.
You cannot move.
You block the jackal's attack. The orc hits you but does no damage.
You block the jackal's attack. The orc hits you with a +0 morningstar.
* * * LOW HITPOINT WARNING * * *
You block the jackal's attack.
You cannot move.
You cannot move.
You cannot move.
You puncture the jackal!
The jackal explodes!
The fiery explosion engulfs you!!
You die...

...... #.
..######## ##. #.
...≈≈8≈≈.#... #.
#...≈≈≈..#.# #.
#.#........
######.##.#......#
............###o#
............§§♣)#
.........####§§##
.........# ####
.....o...#
[......>.#
..<......#
.........#
.........#


You could see an orc (inner flame).

Vanquished Creatures
  An orc warrior (D:6)
  A howler monkey (D:4)
  An orc priest (D:3)
  A hound (D:3)
  Jessica (D:3)
  A gnoll (D:3)
  7 adders
  3 oozes
  4 worms
  3 leopard geckos
  6 orcs
  7 bats
  5 giant cockroaches
  5 hobgoblins
  10 jackals
  3 frilled lizards
  8 goblins
  10 kobolds
  9 rats
86 creatures vanquished.

Notes
Turn   | Place    | Note
-------+----------+-------------------------------------------
     0 | D:1      | Auguste the Minotaur Fighter began the quest for the Orb.
     0 | D:1      | Reached XP level 1. HP: 19/19 MP: 0/0
   245 | D:1      | Reached XP level 2. HP: 27/27 MP: 1/1
   571 | D:2      | Reached XP level 3. HP: 31/33 MP: 2/2
   589 | D:2      | Found an ornate altar of the Wu Jian Council.
  1754 | D:2      | Found a hide-covered altar of Uskayaw.
  1857 | D:2      | Reached XP level 4. HP: 39/40 MP: 3/3
  2188 | D:2      | You fall into a shaft and drop 2 floors!
  2438 | D:4      | Reached XP level 5. HP: 46/46 MP: 4/4
  2644 | D:3      | Noticed Jessica
  2664 | D:3      | Killed Jessica
  2664 | D:3      | Reached skill level 5 in Armour
  2878 | D:3      | Reached XP level 6. HP: 19/55 MP: 5/5
  3008 | D:3      | Reached skill level 1 in Dodging
  3097 | D:3      | Found a bloodstained altar of Trog.
  3123 | D:3      | Became a worshipper of Trog the Wrathful
  3176 | D:3      | Reached skill level 5 in Shields
  3442 | D:3      | You fall into a shaft and drop 3 floors!
  3442 | D:6      | Noticed an orc warrior
  3466 | D:6      | Killed an orc warrior
  3466 | D:6      | Reached skill level 5 in Fighting
  3493 | D:6      | Killed from afar by a jackal

Illustrated notes

Levels and vault maps discovered:
D:1:      sevenhm_arrival_forest_fort_small_3, layout_basic,
          minmay_rat_gold_closets
D:2:      layout_basic, lemuel_crystal_altar, lemuel_doored_altar
D:3:      minmay_recursive_quarters, layout_rooms, trog_hazing_becter,
          uniq_jessica
D:4:      layout_rooms, kennysheep_mini_moat
D:6:      layout_rooms, minmay_temple_entry_statues_pillars, moated_statue

Skill      XL: |  1  2  3  4  5  6 |
---------------+-------------------+-----
Fighting       | 4 5 |  5.0
Armour         | 4 5 |  5.7
Shields        | 4 5 |  5.2
Polearms       | 3 4 |  4.5
Dodging        | 1 |  1.3
Throwing       | |  0.3

Action                   |  1- 3 |  4- 6 || total
-------------------------+-------+-------++-------
Melee: Trident           |   109 |   146 ||   255
       Headbutt          |     7 |    18 ||    25
Throw: Stone             |       |    18 ||    18
       Throwing net      |       |     1 ||     1
  Use: Scroll            |     6 |     9 ||    15
       Potion            |     3 |     7 ||    10
  Eat: Ration            |     1 |     1 ||     2
       Chunk             |       |     3 ||     3
Armor: Scale mail        |    47 |    60 ||   107
       Skin              |     4 |    35 ||    39
Dodge: Dodged            |    29 |    67 ||    96
Block: Kite shield       |    54 |   148 ||   202
